Map: Eastwatch LE

Players

UchihaMadara - Winner!

  • Race: Terran Terran
  • League: Gold
  • Spawn Location: 1:00

Infamous

  • Race: Protoss Protoss
  • League: Silver
  • Spawn Location: 7:00

VOD

Have the link to the VOD?

Description

Time

  • Played on: March 20, 2018, 12:19 p.m.
  • Length: 9:53
Show
View Real Time Build Order
Export as new Build Order

UchihaMadara Terran - Winner!

Build Orders: MMM Bio 

Get SALT Encoding   

  12  0:01  SCV  
  13  0:13  SCV  
  14  0:19  Supply Depot  
  14  0:25  SCV  
  15  0:33  Refinery  
  15  0:40  SCV  
  16  0:46  Barracks  
  16  0:54  SCV  
  17  1:06  SCV  
  18  1:18  SCV  
  20  1:33  Orbital Command  
  20  1:34  Reaper  
  20  1:53  Command Center  
  20  1:59  Supply Depot  
  20  2:01  SCV  
  21  2:10  Factory  
  21  2:17  SCV  
  21  2:20  Barracks Reactor  
  22  2:29  SCV  
  23  2:42  Refinery  
  23  2:56  Starport  
  23  3:01  Supply Depot  
  23  3:04  Marine x2  
  23  3:05  Hellion, SCV  
  28  3:07  Orbital Command  
  28  3:17  SCV  
  28  3:18  Refinery  
  29  3:25  Marine  
  29  3:26  Widow Mine  
  29  3:27  Marine  
  32  3:29  SCV  
  34  3:43  Marine  
  34  3:44  Marine  
  34  3:46  Viking  
  34  3:48  Widow Mine  
  40  3:50  Supply Depot  
  40  3:52  SCV  
  41  4:05  Supply Depot  
  41  4:09  Factory Tech Lab  
  41  4:11  Marine x2  
  41  4:15  Engineering Bay  
  43  4:19  Refinery  
  43  4:24  Barracks  
  43  4:27  SCV  
  44  4:34  Barracks  
  44  4:43  Barracks Tech Lab, Terran Infantry Weapons Level 1  
  44  4:54  Starport Reactor  
  44  4:58  Siege Tank  
  47  5:08  Stimpack  
  47  5:09  Marine  
  47  5:14  Barracks Reactor  
  48  5:24  Marine x2  
  51  5:30  Supply Depot, SCV x2  
  52  5:38  Marine  
  52  5:41  Marine x2  
  52  5:42  Factory Reactor, SCV, Combat Shields  
  56  5:48  SCV  
  57  5:54  SCV  
  57  5:56  Marine  
  59  6:00  SCV  
  59  6:02  Marine x2, Marauder  
  64  6:06  SCV  
  65  6:14  Marine  
  65  6:15  SCV  
  65  6:16  Missile Turret  
  67  6:19  Marine, SCV  
  67  6:20  Marine  
  70  6:30  Supply Depot  
  70  6:32  Supply Depot  
  70  6:37  Terran Infantry Armor Level 1  
  70  6:47  Marine x2  
  70  6:48  Widow Mine x2, Marauder  
  70  6:52  Marine  
  70  6:53  Medivac  
  81  6:55  Medivac  
  81  7:05  Marine  
  82  7:09  Widow Mine x2, Marauder  
  82  7:10  Marine, Marauder  
  89  7:23  Medivac  
  89  7:25  Medivac  
  81  7:30  Widow Mine x2  
  81  7:31  Marauder  
  86  7:44  Marine x2, Marauder  
  88  7:52  Marauder  
  88  7:53  Medivac  
  88  7:55  Medivac  
  94  8:01  Widow Mine  
  94  8:02  Marine x2  
  94  8:03  Supply Depot  
  94  8:05  Marine  
  99  8:08  Supply Depot  
  99  8:13  Marauder  
  99  8:19  Marine  
  101  8:25  Marine x2  
  104  8:34  Marine  
  104  8:37  Marine  
  106  8:43  Marine x2  
  104  9:22  Marine  
  104  9:23  Marine x2, Marauder  
Show
View Real Time Build Order
Export as new Build Order

Infamous Protoss 

Build Orders:  

Get SALT Encoding   

  12  0:01  Probe  
  13  0:13  Probe  
  14  0:17  Pylon  
  15  0:28  Probe  
  15  0:37  Gateway  
  15  0:40  Probe (Chrono Boost)  
  16  0:52  Probe (Chrono Boost)  
  17  0:57  Assimilator  
  17  1:01  Probe (Chrono Boost)  
  18  1:08  Probe  
  19  1:20  Probe  
  20  1:29  Cybernetics Core  
  20  1:32  Probe  
  21  1:42  Pylon  
  21  1:43  Assimilator  
  21  1:44  Probe  
  22  2:00  Zealot  
  22  2:01  Warp Gate (Chrono Boost)  
  24  2:07  Probe, Assimilator  
  25  2:15  Robotics Facility  
  24  2:19  Probe  
  25  2:29  Forge  
  25  2:36  Stalker  
  27  2:37  Pylon  
  27  2:43  Probe  
  28  3:03  Gateway  
  28  3:04  Gateway  
  28  3:09  Pylon  
  28  3:11  Probe  
  28  3:12  Observer (Chrono Boost)  
  30  3:21  Shield Battery  
  30  3:35  Probe  
  31  3:42  Photon Cannon  
  31  3:47  Probe  
  32  3:57  Stalker  
  32  3:58  Gateway  
  32  3:59  Protoss Ground Weapons Level 1 (Chrono Boost)  
  32  4:00  Probe  
  35  4:13  Twilight Council  
  35  4:15  Sentry  
  35  4:16  Sentry  
  39  4:29  Pylon  
  39  4:34  Stalker  
  41  4:39  Sentry  
  41  4:40  Zealot  
  41  4:43  Probe  
  46  4:53  Immortal (Chrono Boost)  
  50  5:02  Charge  
  50  5:07  Probe  
  51  5:25  Probe  
  52  5:30  Pylon  
  52  5:37  Pylon  
  52  5:48  Immortal (Chrono Boost)  
  56  6:05  Stalker  
  56  6:06  Zealot  
  56  6:07  Zealot x2  
  64  6:14  Protoss Ground Armor Level 1  
  64  6:16  Probe  
  65  6:24  Warp Prism (Chrono Boost)  
  67  6:33  Nexus  
  67  6:37  Zealot  
  69  6:40  Sentry  
  71  7:15  Pylon  
  71  7:17  Gateway  
  71  7:20  Gateway  
  71  7:22  Probe, Shield Battery  
  50  7:35  Stalker x2  
  46  7:37  Zealot  
  46  7:40  Sentry  
  46  7:52  Probe (Chrono Boost)  
  46  7:56  Probe (Chrono Boost)  
  48  8:03  Probe (Chrono Boost)  
  49  8:10  Templar Archives  
  49  8:17  Probe (Chrono Boost)  
  49  8:19  Assimilator  
  50  8:22  Assimilator  
  50  8:30  Sentry  
  50  8:32  Zealot x2  
  56  8:40  Adept x2  
  60  8:48  High Templar  
  56  9:14  Stalker x3  
  56  9:16  Observer (Chrono Boost)  
  42  9:32  Stalker  
  44  9:41  Zealot x2  
  44  9:42  Zealot  
Tags
 
Composition
MMM Bio
Matchup
PvT
Replay Pack
Last Remnant (2)
Spawn Locations
Cross Positions
Add a new tag
Caveats
  • Supply blocks, unpowered buildings, or Contaminate may cause inaccurate times.
  • Supply counts are checked every 10 seconds.